 Dungeon Crawl Stone Soup version 0.27-a0-1347-gd8886f0a89 (webtiles) character file.

Game seed: 2674920788009069869

1 Brandom the Charlatan (level 1, 0/16 HPs)
             Began as a Palentonga Artificer on June 27, 2021.
             Frozen to death by an endoplasm (3 damage)
             ... on level 1 of the Dungeon.
             The game lasted 00:00:25 (28 turns).

Brandom the Charlatan (Palentonga Artificer)          Turns: 28, Time: 00:00:25

Health: 0/16       AC:  4    Str: 15    XL:     1   Next: 16%
Magic:  1/1        EV:  9    Int: 11    God:
Gold:   2          SH:  0    Dex: 10    Spells: 0/0 levels left

rFire    . . .     SeeInvis +   a - +0 club
rCold    . . .     Faith    .   (no shield)
rNeg     . . .     Spirit   .   b - +0 leather armour
rPois    .         Reflect  .   (no helmet)
rElec    .         Harm     .   (no cloak)
rCorr    .         Rampage  .   (no gloves)
Will     .....                  (no barding)
Stlth    +.........             (no amulet)
HPRegen  0.05/turn              (no ring)
MPRegen  0.07/turn              (no ring)

@: no status effects
A: large, rugged brown scales 3, see invisible, deformed body, roll 1, armoured
tail
a: Rolling Charge


You were on level 1 of the Dungeon.
You visited 1 branch of the dungeon, and saw 1 of its levels.

You collected 2 gold pieces.

Inventory:

Hand Weapons
 a - a +0 club (weapon)
Armour
 b - a +0 leather armour (worn)
Wands
 d - a wand of charming (15) (quivered)
 t - a wand of flame (15)
Scrolls
 c - a scroll of enchant armour {unknown}
Miscellaneous
 e - a piece from Xom's chessboard (15/15)


   Skills:
 * Level 1.1 Fighting
 + Level 1.6 Armour
 + Level 0.8 Dodging
 - Level 0.5 Stealth
 - Level 2.6 Evocations


You couldn't memorise any spells.
You didn't know any spells.
Your spell library was empty.

Dungeon Overview and Level Annotations

Branches:
Dungeon (1/15)

Altars:


Innate Abilities, Weirdness & Mutations

You are completely covered in rugged brown scales. (AC +3, +7% HP)
You have supernaturally acute eyesight. (SInv)
Armour fits poorly on your strangely shaped body.
You can roll at nearby foes to attack.
You have a long armoured tail.


Message History

You roll forward with a clatter of scales!
You barely miss the quokka.
A bat comes into view.
The quokka closely misses you.
The quokka bites you but does no damage.
You closely miss the quokka.
The quokka bites you but does no damage.
The quokka bites you.
You closely miss the quokka.
The quokka bites you but does no damage.
You hit the quokka.
The quokka bites you but does no damage. x2
You barely miss the quokka. The quokka bites you.
You hit the quokka but do no damage. The quokka bites you.
The endoplasm closely misses you.
A kobold comes into view. It is wielding a +0 whip.
The quokka bites you but does no damage.
You closely miss the quokka. The endoplasm hits you.
The quokka barely misses you. The endoplasm barely misses you.
You hit the quokka. The quokka closely misses you.
The quokka bites you but does no damage.
The endoplasm completely misses you.
You hit the quokka but do no damage. The quokka closely misses you.
The endoplasm hits you but does no damage.
The quokka bites you.
You hit the quokka.
You kill the quokka!
The bat hits you. The bat misses you. The endoplasm barely misses you.
The endoplasm hits you.
* * * LOW HITPOINT WARNING * * *
You barely miss the bat. The bat barely misses you. The bat misses you.
The endoplasm hits you but does no damage.
The bat hits you but does no damage.
Unknown command.
You miss the bat.
Your tail-slap misses the bat.
The bat hits you but does no damage.
The endoplasm hits you but does no damage.
The bat hits you but does no damage.
Unknown command.
You barely miss the bat. The bat hits you but does no damage. x2
The endoplasm closely misses you.
Unknown command.
Unknown command.
You hit the endoplasm. You tail-slap the endoplasm. The bat closely misses you.
The endoplasm freezes you.
You are frozen.
* * * LOW HITPOINT WARNING * * *
The endoplasm freezes you.
You are frozen.
You die...

.. ..# J#. ..
.#
...########.#
.8..b.†@JK..#
...#######.##
#.## #..#
###'###
#8...8#
##.#.##
#8.#.8#
##.#.##


You could see an endoplasm, a bat and a kobold.

Vanquished Creatures
  A quokka (D:1)
1 creature vanquished.

Notes
Turn   | Place    | Note
-------+----------+-------------------------------------------
     0 | D:1      | Brandom the Palentonga Artificer began the quest for the
                  | Orb.
     0 | D:1      | Reached XP level 1. HP: 16/16 MP: 1/1
    28 | D:1      | Frozen to death by an endoplasm

Illustrated notes

Levels and vault maps discovered:
D:1:      heliophobic_arrival_ceremonial_halls, layout_loops_ring,
          ebering_ecumenical_altar_hall, minmay_misc_feat_four_crosses

Action                   || total
-------------------------++-------
Melee: Club              ||    14
       Tailslap          ||     1
 Abil: Rolling Charge    ||     1
Armor: Leather armour    ||    15
Dodge: Dodged            ||    13

Table legend: (Time is in decaauts)
 A = Elapsed time spent in this place.
 B = Non-inter-level travel time spent in this place.
 C = Inter-level travel time spent in this place.
 D = Time resting spent in this place.
 E = Time spent auto-exploring this place.
 F = Levels seen in this place.
 G = Mean time per level.
                   A        B        C        D        E       F      G
               +--------+--------+--------+--------+--------+-----+--------+
         Total |     31 |     31 |      0 |      0 |     11 |   1 |   31.0 |
       Dungeon |     31 |     31 |      0 |      0 |     11 |   1 |   31.0 |
               +--------+--------+--------+--------+--------+-----+--------+

Top non-repeatable levels by time:
     D:1: 31 daAuts
